[Event "Torneo Nuevo Centro. Jornada 11"]
[Site "Chess.com"]
[Date "2020.08.28"]
[Round "4"]
[White "Gutierrez Marco, Dario"]
[Black "Aymerich Rosell, Pablo"]
[Result "0-1"]
[WhiteElo "1830"]
[BlackElo "2005"]
[TimeControl "180+2"]
[EndTime "11:07:34 PDT"]
[Termination "Victoria de jasikevic por abandono"]

1. e4 c6 2. d4 d5 3. e5 c5 4. dxc5 e6 5. a3 Bxc5 6. b4 Be7 7.
Bb2 Nh6 8. Nf3 a5 9. b5 Nd7 10. Be2 O-O 11. O-O Nc5 12. Nc3 b6 13. Nd4 Bb7 14.
f4 f6 15. a4 fxe5 16. fxe5 Bg5 17. Kh1 Qe7 18. Nf3 Be3 19. Bd3 d4 20. Ne2 Ng4 21. Bxd4 Bxf3 22. gxf3 Bxd4 23. Nxd4 Ne3 24. Qe2 Nxf1 25. Rxf1 Qh4 26. Qe3 Rad8 27. c3 Qh3 28.
Bb1 Qxf1+ 0

[Event "Torneo Nuevo Centro. Jornada 11"]
[Site "Chess.com"]
[Date "2020.08.28"]
[Round "4"]
[White "Donate Peris, Jose Manuel"]
[Black "del Campo Hernández, Ángel "]
[Result "1-0"]
[WhiteElo "1519"]
[BlackElo "1122"]
[TimeControl "180+2"]
[EndTime "11:07:36 PDT"]
[Termination "Victoria de cheryme por abandono"]

1. d4 Nf6 2. c4 e5 3. dxe5 Ng4 4.
Nf3 Nc6 5. e3 Ngxe5 6. Nxe5 Nxe5 7. Nc3 Bb4 8. Bd2 Be7 9. f4 Ng6 10. Be2 Bh4+ 11. g3 Be7 12. O-O d6 13. e4 Bh3 14. Rf2 Nxf4 15. Bxf4 Bh4 16. gxh4 Qxh4 17. Bg3 Qxe4 18. Bf3 Qxc4 19. Qe1+ Kd7 20. Rc1 Rhe8 21. Qd2 Rab8 22. Bg2 Bg4 23. Bf1 Qb4 24. Rxf7+ Ke6 25. Rf4 Qb6+ 26. Bf2 Qxf2+ 1

[Event "Torneo Nuevo Centro. Jornada 11"]
[Site "Chess.com"]
[Date "2020.08.28"]
[Round "4"]
[White "Yuste Valenzuela, Alejandro"]
[Black "Cayon Pelaez, Pablo"]
[Result "1-0"]
[WhiteElo "1881"]
[BlackElo "1744"]
[TimeControl "180+2"]
[EndTime "11:07:44 PDT"]
[Termination "Victoria de alejandrito290 por abandono"]

1. e4 e5 2. Nf3 Nc6 3. d4 exd4 4. Bc4 Nf6 5. e5 d5 6. Bb5 Ne4 7. Nxd4 Bd7 8. Bxc6 bxc6 9. O-O Bc5 10. Be3 O-O 11. f3 Ng5 12. f4 Ne6 13. c3 Bb6 14. f5 Nxd4 15. cxd4 Re8 16. Qe1 f6 17. e6 Bc8 18.
Nc3 Qe7 19. Rc1 Bxe6 20. fxe6 Qxe6 21. Bf2 Qg4 22. Qd1 Qg6 23. Qc2 Qg4 24. Qd3 f5 25. h3 Qg6 26. Rce1 Rf8 27. Na4 Qf6 28. Nc5 Bxc5 29. dxc5 Qxb2 30. Bd4 Qa3 31. Qxa3 1

[Event "Torneo Nuevo Centro. Jornada 11"]
[Site "Chess.com"]
[Date "2020.08.28"]
[Round "4"]
[White "Conejero Martínez, Víctor"]
[Black "Perez Garcia, Jose Miguel"]
[Result "0-1"]
[WhiteElo "1369"]
[BlackElo "2031"]
[TimeControl "180+2"]
[EndTime "11:07:48 PDT"]
[Termination "Victoria de PEREZOV69 por abandono"]

1. d4 d6 2. c4 Nf6 3. Nc3 g6 4.
Nf3 Bg7 5. e3 O-O 6. Be2 c5 7.
O-O Nc6 8. Bd2 cxd4 9. exd4 Qb6 10. Na4 Qd8 11. Qc1 Ne4 12. Bh6 Bf5 13. Bxg7 Kxg7 14. Nc3 Rc8 15. Nxe4 Bxe4 16. Rd1 Qb6 17. Ng5 Nxd4 18.
Qc3 e5 19. Bg4 f5 20. Nxe4 fxg4 21. Qg3 Ne2+ 22. Kh1 Nxg3+ 23. hxg3 Rcd8 24. Rd2 Rd7 25. Rad1 Rfd8 26. Ng5 Kf6 27. f4 gxf3 28. Nxf3 h6 29. Rf1 Kg7 30. Nh4 Rf7 31. Rfd1 g5 32. Nf3 Rxf3 33.
gxf3 Qe3 34. Kg2 b6 35. Rxd6 Rxd6 36. Rxd6 Qe2+ 37. Kh3 Qxf3 38. Rd7+ Kg6 39. Rxa7 h5 40. Ra6 g4+ 41. Kh2 Qf2+ 42. Kh1 Qf1+ 43. Kh2 Qf2+ 44. Kh1 Qxg3 45. Rxb6+ Kg5 46. a4 Qe1+ 47. Kg2 Qe2+ 48. Kg1 Qe3+ 0

[Event "Torneo Nuevo Centro. Jornada 11"]
[Site "Chess.com"]
[Date "2020.08.28"]
[Round "4"]
[White "Alvarez Usina, Jordi"]
[Black "Chofre Murcia, Adrián"]
[Result "0-1"]
[WhiteElo "1266"]
[BlackElo "1634"]
[TimeControl "180+2"]
[EndTime "11:07:55 PDT"]
[Termination "Victoria de Kelorian por abandono"]

1. d4 f5 2. Bf4 e6 3. e3 d5 4. Nf3 Nc6 5. Be2 Nf6 6. Ne5 Nxe5 7. dxe5 Ne4 8. Nd2 Nxd2 9. Qxd2 Be7 10. O-O O-O 11. Bh5 Bg5 12. Rad1 Bxf4 13. exf4 Qh4 14. Bf3 Bd7 15. g3 Qe7 16. c4 c6 17. b4 Rad8 18. c5 Be8 19. Qc3 a6 20. Rd2 Qc7 21.
Rfd1 Ra8 22. a3 a5 23. Ra1 axb4 24. Qxb4 Bd7 25. Rb2 Bc8 26. Qc3 Qa5 27. Qxa5 Rxa5 28.
Rc2 Rf7 29. Be2 h6 30. a4 Rc7 31. Bf1 Bd7 0

[Event "Torneo Nuevo Centro. Jornada 11"]
[Site "Chess.com"]
[Date "2020.08.28"]
[Round "4"]
[White "Aguado, Pablo Luis"]
[Black "Gimenez Saiz, Jose Raul"]
[Result "0-1"]
[WhiteElo "1918"]
[BlackElo "1827"]
[TimeControl "180+2"]
[EndTime "11:08:01 PDT"]
[Termination "Victoria de rango013 por abandono"]

1. d4 d6 2. Nf3 Nd7 3. c4 g6 4.
Nc3 Bg7 5. e4 Ngf6 6. Be2 O-O 7.
O-O e5 8. Be3 exd4 9. Nxd4 Re8 10.
f3 Nc5 11. Qd2 a5 12. Bg5 c6 13. Rad1 Qc7 14. Nc2 Rd8 15. e5 Ne8 16. Bxd8 Qxd8 17. exd6 Qb6 18. Ne3 Be6 19. Kh1 Rd8 20. Qc2 Nxd6 21.
a3 Nb3 22. Na4 Qxe3 23. Rd3 Nd4 24. Qd1 Qxe2 25. Qxe2 Nxe2 26. c5 Nd4 27. cxd6 Bc4 28. Nc5 0

[Event "Torneo Nuevo Centro. Jornada 11"]
[Site "Chess.com"]
[Date "2020.08.28"]
[Round "4"]
[White "Gómez Alonso, Óscar"]
[Black "Conon, Catalin"]
[Result "1-0"]
[WhiteElo "1803"]
[BlackElo "1913"]
[TimeControl "180+2"]
[EndTime "11:08:30 PDT"]
[Termination "Victoria de osgo78 por abandono"]

1. d4 Nf6 2. c4 e6 3. Nc3 d5 4. Nf3 Be7 5. Bf4 O-O 6. e3 c5 7. dxc5 dxc4 8. Qxd8 Rxd8 9. Bxc4 Bxc5 10. O-O Nc6 11. a3 b6 12. Bg5 Bb7 13. Bxf6 gxf6 14.
Rfd1 Be7 15. b4 Rac8 16. Rxd8+ Bxd8 17. Ne2 Nxb4 18. axb4 Rxc4 19. Rxa7 Bxf3 20. gxf3 Rxb4 21. Ra8 Rb1+ 22. Kg2 Rd1 23. Nd4 Rc1 24. Rxd8+ Kg7 25. Rd7 Kg6 26. Rb7 Rb1 27. f4 Rb4 28. Kf3 e5 29. fxe5 fxe5 30. Nc6 e4+ 31. Kg2 Rb5 32. Nd4 Rb4 33. Kg3 h5 34. h4 Rb1 35. Ne2 f6 36. Nf4+ Kh6 37. Rf7 Rg1+ 38. Kh2 Rg4 39. Kh3 b5 40.
Rxf6+ Kh7 41. Rb6 Rg2 42. Nxg2 1

[Event "Torneo Nuevo Centro. Jornada 11"]
[Site "Chess.com"]
[Date "2020.08.28"]
[Round "4"]
[White "Escalona Moncholi, Felix"]
[Black "Fenollar Jorda, Manolo"]
[Result "0-1"]
[WhiteElo "2110"]
[BlackElo "2470"]
[TimeControl "180+2"]
[EndTime "11:08:41 PDT"]
[Termination "Victoria de Cucudrulu por abandono"]

1. e4 e5 2. Nf3 Nc6 3. Bb5 a6 4. Ba4 Nf6 5. O-O b5 6. Bb3 Bc5 7. c3 d6 8. d4 Bb6 9. h3 Bb7 10. Re1 O-O 11. Bg5 h6 12. Bh4 g5 13. Bg3 Re8 14. d5 Ne7 15. c4 c6 16. cxb5 cxb5 17. Nc3 Ng6 18. a3 Nh5 19. Bh2 Qf6 20. Rf1 Nhf4 21.
Bc2 Kg7 22. Rc1 Rac8 23. Bg3 Rc7 24. Bb1 Rec8 25. Kh2 h5 26. Bxf4 Nxf4 27. g3 Ng6 28. Kg2 Rh8 29. Nh2 Bc8 30. Qf3 Bxh3+ 31. Kxh3 g4+ 32.
Nxg4 Qxf3 0

[Event "Torneo Nuevo Centro. Jornada 11"]
[Site "Chess.com"]
[Date "2020.08.28"]
[Round "4"]
[White "Martínez Escandell, Alfonso"]
[Black "Roca Cruz, Rafael"]
[Result "0-1"]
[WhiteElo "1915"]
[BlackElo "1808"]
[TimeControl "180+2"]
[EndTime "11:08:42 PDT"]
[Termination "Victoria de RafaRocaCruz por jaque mate"]

1. e4 c5 2. Nf3 e6 3. c3 d5 4. exd5 Qxd5 5. d4 Nf6 6. Bb5+ Bd7 7. Bxd7+ Nbxd7 8. O-O cxd4 9. Qxd4 Bc5 10. Qxd5 Nxd5 11. Rd1 O-O 12. c4 N5f6 13. Nc3 h6 14. Bf4 a6 15. a3 Rac8 16. Bg3 Rfd8 17. Ne5 Nxe5 18. Bxe5 Bxf2+ 19. Kxf2 Ng4+ 20. Kg1 Nxe5 21. Rxd8+ Rxd8 22. c5 Rd2 23. b4 Nc4 24. Ne4 Re2 25. Ng3 Rc2 26.
Ne4 Ne3 27. Nd6 Rxg2+ 28. Kh1 Rc2 29. Nxb7 Ng4 30. h3 Ne5 31. Nd6 Nf3 32. Rf1 Rh2# 0

[Event "Torneo Nuevo Centro. Jornada 11"]
[Site "Chess.com"]
[Date "2020.08.28"]
[Round "4"]
[White "Carbonell Bofill, Carlos Eloy"]
[Black "Rodriguez Rodriguez, Joan David "]
[Result "1-0"]
[WhiteElo "1914"]
[BlackElo "1785"]
[TimeControl "180+2"]
[EndTime "11:08:54 PDT"]
[Termination "Victoria de MFCARLOS por jaque mate"]

1. d4 d6 2. Bf4 Nf6 3. Nf3 Nbd7 4. e3 c6 5. Bc4 Qc7 6. h3 e5 7. dxe5 dxe5 8. Bh2 Be7 9. O-O h6 10. a4 g5 11.
Nbd2 Bd6 12. e4 Nf8 13. Bd3 Ng6 14. Nc4 Be6 15. Nxd6+ Qxd6 16. Qd2 O-O-O 17. Qc3 Nf4 18. Nxe5 Nxe4 19. Bxe4 Ne2+ 20. Kh1 Nxc3 21. bxc3 Qe7 22. Rfe1 h5 23. a5 g4 24. a6 Rd6 25. axb7+ Kxb7 26. Reb1+ Kc8 27. Nxc6 Rxc6 28. Bxc6 gxh3 29. Rb8# 1

[Event "Torneo Nuevo Centro. Jornada 11"]
[Site "Chess.com"]
[Date "2020.08.28"]
[Round "4"]
[White "Vidarte Morales, Arturo"]
[Black "Bercaru, Vlad Ionut"]
[Result "1-0"]
[WhiteElo "2206"]
[BlackElo "1738"]
[TimeControl "180+2"]
[EndTime "11:09:08 PDT"]
[Termination "Victoria de Arturo_Vidarte por jaque mate"]

1. c4 e5 2. Nc3 Nf6 3. g3 d5 4.
cxd5 Nxd5 5. Nf3 Nxc3 6. bxc3 Nc6 7. Bg2 Bc5 8. O-O O-O 9. d3 Be6 10. a4 Rb8 11. Rb1 b6 12. Ng5 Qd7 13. Nxe6 Qxe6 14. c4 Ne7 15. e3 Rfd8 16. Qc2 c6 17. Rd1 Kh8 18. Bb2 f6 19. d4 exd4 20. exd4 Bb4 21. Qb3 a5 22. Rd3 b5 23. d5 cxd5 24. cxb5 Rb6 25. Rbd1 Rbd6 26. Re3 Qf7 27. Red3 Qg6 28. Bc1 d4 29. Bf4 R6d7 30. b6 Qf7 31. Bc7 Rc8 32. Qxf7 Rcxc7 33. bxc7 Nc6 34. c8=Q+ Rd8 35. Qxd8+ Nxd8 36.
Qe8+ Bf8 37. Qxf8# 1

[Event "Torneo Nuevo Centro. Jornada 11"]
[Site "Chess.com"]
[Date "2020.08.28"]
[Round "4"]
[White "Ortiz Benavent, Alba"]
[Black "Grigorev, Artur "]
[Result "1-0"]
[WhiteElo "1188"]
[BlackElo "916"]
[TimeControl "180+2"]
[EndTime "11:09:08 PDT"]
[Termination "Victoria de or20 por tiempo"]

1. d4 d5 2. Nf3 Nc6 3. Bf4 Bf5 4. e3 Nf6 5. Bd3 e6 6. Bxf5 exf5 7. c3 Bd6 8. Bg3 Bxg3 9. hxg3 Ne4 10. Nbd2 Nxd2 11.
Qxd2 O-O 12. Qd3 Ne7 13. g4 c6 14. Ne5 Qd6 15. gxf5 f6 16. Ng4 b5 17. b4 Qd7 18.
e4 dxe4 19. Qxe4 Nxf5 20. Qf3 Rfe8+ 21. Ne3 Nxe3 22. fxe3 Re7 23. Kf2 Rae8 24. Rae1 Qe6 25. Re2 g5 26. Qh5 Qf5+ 27. Qf3 Qxf3+ 28. gxf3 Kg7 29. e4 f5 30. e5 Kf7 31. Kg3 f4+ 32.
Kg4 Kg6 33. Rhh2 Re6 34. Re1 1

[Event "Torneo Nuevo Centro. Jornada 11"]
[Site "Chess.com"]
[Date "2020.08.28"]
[Round "4"]
[White "Lloret Ramis, Juan José"]
[Black "Garcia, Jhoel"]
[Result "0-1"]
[WhiteElo "1990"]
[BlackElo "2386"]
[TimeControl "180+2"]
[EndTime "11:09:39 PDT"]
[Termination "Victoria de shoels por tiempo"]

1. c4 Nf6 2. Nc3 g6 3. d4 Bg7 4.
e4 d6 5. Nf3 O-O 6. Be2 Nbd7 7.
e5 Ne8 8. exd6 Nxd6 9. O-O e5 10. dxe5 Nxe5 11. Nxe5 Bxe5 12. Bh6 Bxh2+ 13. Kxh2 Qh4+ 14. Kg1 Qxh6 15. Nd5 Ne8 16. Bf3 c6 17. Ne7+ Kh8 18. Nxc8 Rxc8 19. Qd4+ Qg7 20. Qxa7 Nd6 21. c5 Nb5 22.
Qxb7 Nd4 23. Bd1 Qe5 24. Qb4 Rb8 25. Qc3 Rxb2 26. Qe3 Qxc5 27. Bf3 Qd6 28. Rad1 c5 29. a4 Rfb8 30. a5 R2b3 31. Qe4 Qf6 32. a6 Qxa6 33.
Rxd4 cxd4 34. Qxd4+ Kg8 35. Bd5 R3b4 36. Qe5 Qa7 0

[Event "Torneo Nuevo Centro. Jornada 11"]
[Site "Chess.com"]
[Date "2020.08.28"]
[Round "4"]
[White "Kovacevic, Slobodan"]
[Black "Pardo Ruiz, Carlos"]
[Result "1-0"]
[WhiteElo "2253"]
[BlackElo "1704"]
[TimeControl "180+2"]
[EndTime "11:10:00 PDT"]
[Termination "Victoria de nikko110 por jaque mate"]

1. d4 c5 2. d5 Nf6 3. Nc3 d6 4. e4 e6 5. Nf3 exd5 6. exd5 Be7 7. Bf4 O-O 8. Be2 a6 9. a4 Re8 10. O-O Bf5 11. Nd2 Nbd7 12. a5 Bf8 13. h3 Ne4 14. Ncxe4 Bxe4 15. Nc4 Nf6 16. Bf3 Bxf3 17. Qxf3 Qc7 18.
Rfd1 Re4 19. b3 Rae8 20. g4 Nd7 21. Kg2 Re2 22. Ne3 R8xe3 23. Bxe3 Rxc2 24. Qe4 Rc3 25. Rdc1 Rxb3 26. Rcb1 Rxb1 27. Rxb1 Nf6 28. Qc4 h6 29.
Qb3 Qxa5 30. Qxb7 Qa2 31. Qb3 Qxb3 32. Rxb3 Nxd5 33. Rb8 Nxe3+ 34. fxe3 f6 35. Kf3 Kf7 36. Ke4 Be7 37. Kd5 a5 38. Ra8 a4 39. Rxa4 g6 40. e4 h5 41. Ra7 hxg4 42. hxg4 c4 43. Rc7 g5 44. Rxc4 Kg6 45. Ke6 Bf8 46. Rc8 Bg7 47. Rd8 Bh6 48. Rxd6 Bg7 49. Ke7 Bh8 50. e5 Kh7 51. exf6 Kg8 52. f7+ Kh7 53. f8=Q Bf6+ 54. Qxf6 Kg8 55. Rd8+ Kh7 56. Rh8# 1

[Event "Torneo Nuevo Centro. Jornada 11"]
[Site "Chess.com"]
[Date "2020.08.28"]
[Round "4"]
[White "Tormos Beltran, Maite"]
[Black "Fente Fernandez, Jose Ignacio"]
[Result "1-0"]
[WhiteElo "1474"]
[BlackElo "1557"]
[TimeControl "180+2"]
[EndTime "11:10:13 PDT"]
[Termination "Victoria de TORBEL79 por abandono"]

1. d4 d5 2. c4 c6 3. Nc3 Bf5 4. Nf3 Nf6 5. g3 g6 6. Bg2 Bg7 7. O-O O-O 8. Qb3 b6 9. cxd5 cxd5 10. Ne5 Ne4 11. Nxd5 Nc5 12. dxc5 Bxe5 13. Nxe7+ Qxe7 14. Bxa8 Nd7 15. Bg2 Nxc5 16. Qe3 Qd6 17. Qd2 Qxd2 18. Bxd2 Bxb2 19. Rad1 Bc2 20. Rde1 Re8 21. f4 Ne4 22. Bxe4 Rxe4 23. e3 Bd3 24. Rf2 Ra4 25. a3 Bxa3 26.
Bc1 Bb4 27. Rd1 Bc2 28. Rd8+ Kg7 29. Rxc2 Ra1 30. Kf2 a5 31. Bb2+ Kh6 32. Bxa1 a4 33. Bc3 Bc5 34. Bd4 a3 35. Ra2 Bb4 36. Ra8 b5 37. Kf3 Bd6 38. Ke4 b4 39. Kd5 Be7 40. Bc5 b3 41. R2xa3 Bxc5 42. Kxc5 b2 43. Rb8 b1=Q 44. Rxb1 1

[Event "Torneo Nuevo Centro. Jornada 11"]
[Site "Chess.com"]
[Date "2020.08.28"]
[Round "4"]
[White "Fernández Martin, Carlos"]
[Black "Montesinos Diaz, Luis"]
[Result "0-1"]
[WhiteElo "1770"]
[BlackElo "1897"]
[TimeControl "180+2"]
[EndTime "11:10:21 PDT"]
[Termination "Victoria de Gwiso_06 por tiempo"]

1. e4 c6 2. Nc3 d5 3. Nf3 Bg4 4.
h3 Bxf3 5. Qxf3 e6 6. d4 Nf6 7. e5 Nfd7 8. Bd3 c5 9. Be3 cxd4 10. Bxd4 Nc6 11. Qe3 Nxd4 12. Qxd4 Bc5 13. Qg4 O-O 14. Qe2 a6 15. O-O b5 16. a3 Qc7 17.
Rfe1 Bd4 18. Nd1 Bxe5 19. c3 Bd6 20. Ne3 Nc5 21. Bc2 Rfc8 22. Qh5 g6 23. Qf3 a5 24. Ng4 Bf8 25. Nf6+ Kh8 26. Qg4 Bg7 27. Qh4 h6 28. Ng4 h5 29. Nh2 Kg8 30. Nf3 Nd7 31. Rad1 Nf6 32.
Nd4 b4 33. axb4 axb4 34. cxb4 Qc4 35. Bb1 Qxb4 36. Qg3 Rc4 37. Nf3 Ne4 38. Qh2 Qxb2 39. Bxe4 Rxe4 40. Rxe4 dxe4 41. Ng5 Qe2 42. Rf1 Bf6 43.
Qg3 Ra2 44. h4 Bd4 45. Qf4 Ra7 0

[Event "Torneo Nuevo Centro. Jornada 11"]
[Site "Chess.com"]
[Date "2020.08.28"]
[Round "4"]
[White "Perrot, Fabien "]
[Black "Soliva Ruiz, Ramon"]
[Result "0-1"]
[WhiteElo "1160"]
[BlackElo "1522"]
[TimeControl "180+2"]
[EndTime "11:10:29 PDT"]
[Termination "Victoria de rasoru por abandono"]

1. d4 Nf6 2. c4 e6 3. Nc3 b6 4.
Bg5 Be7 5. e3 Bb7 6. Nf3 Ne4 7.
Nxe4 Bxe4 8. Bxe7 Qxe7 9. Bd3 Bxd3 10.
Qxd3 f5 11. O-O-O Nc6 12. Rhe1 Nb4 13. Qb3 a5 14. a3 Nc6 15. e4 fxe4 16. Rxe4 O-O-O 17. Qb5 Kb7 18. Rde1 Na7 19. Qg5 Qxg5+ 20. Nxg5 Rdf8 21.
Nf3 Nc6 22. Rf1 Ne7 23. Ne5 Kc8 24. Nd3 Rf7 25. Kd2 Rhf8 26. b3 Nf5 27. Kc3 Nd6 28. Re2 Nf5 29. Kd2 Nxd4 30. Re3 Nxb3+ 31. Kc3 Nc5 32.
Nxc5 bxc5 33. f3 c6 34. Rb1 Kc7 35. Rb2 Rb8 36. Rxb8 Kxb8 37. Re2 Kc7 38. Rb2 Rf8 39. Kd3 Rb8 40. Rc2 Rb1 41. h3 Kd6 42. Ke4 Rb3 43. a4 Rb4 44. Kd3 Rxa4 45. Rc3 Rb4 46. Ra3 a4 47.
Kc2 Ke5 48. Kd3 Kf4 49. Ke2 Rxc4 50. Kf1 Rb4 51. Kf2 c4 52. Re3 Rb2+ 53. Ke1 Kxe3 0

[Event "Torneo Nuevo Centro. Jornada 11"]
[Site "Chess.com"]
[Date "2020.08.28"]
[Round "4"]
[White "Donate Moreno, Silvia"]
[Black "Beneyto de Ramon, Guillermo"]
[Result "1-0"]
[WhiteElo "1848"]
[BlackElo "1648"]
[TimeControl "180+2"]
[EndTime "11:10:32 PDT"]
[Termination "Victoria de monetesSAL por abandono"]

1. e4 Nf6 2. Nc3 e5 3. Nf3 Nc6 4.
Bb5 Nd4 5. Nxd4 exd4 6. Ne2 c6 7. Bc4 d5 8. exd5 cxd5 9. Bb5+ Bd7 10. Bxd7+ Qxd7 11. Nxd4 Bc5 12. Nb3 Qe6+ 13. Qe2 Qxe2+ 14. Kxe2 Bb6 15. d4 O-O 16. Be3 Rac8 17. c3 Rfe8 18. Rae1 Bc7 19. h3 Bf4 20. Kd2 Ne4+ 21. Kc2 Bxe3 22.
fxe3 Ng3 23. Rhg1 Nf5 24. Kd3 Re7 25. g4 Nd6 26. Nd2 Rce8 27. Rgf1 b5 28. Rf5 Nxf5 29.
gxf5 f6 30. e4 dxe4+ 31. Rxe4 g6 32. d5 gxf5 33. Rxe7 Rxe7 34. c4 a6 35. c5 Rd7 36.
d6 Kf7 37. Ke3 Ke6 38. Kf4 h6 39. b4 Rg7 40. Nf3 h5 41. Nd4+ Kd7 42. Nxf5 Rg2 43.
Ke4 Rxa2 44. Kd5 Rd2+ 45. Nd4 f5 46. c6+ Kd8 47. Ke5 f4 48. Ne6+ Kc8 49. d7+ Kb8 50.
c7+ Ka7 51. d8=Q Rxd8 52. cxd8=Q f3 53. Qc7+ Ka8 54. Nc5 1

[Event "Torneo Nuevo Centro. Jornada 11"]
[Site "Chess.com"]
[Date "2020.08.28"]
[Round "4"]
[White "Bascuñana Sánchez, Pablo"]
[Black "Gutierrez Lacambra, Jose Antonio"]
[Result "1-0"]
[WhiteElo "1675"]
[BlackElo "1377"]
[TimeControl "180+2"]
[EndTime "11:10:51 PDT"]
[Termination "Victoria de Pabasan2010 por tiempo"]

1. e4 b6 2. d4 Bb7 3. Nc3 g6 4.
Nf3 Bg7 5. Bd3 d6 6. Be3 e6 7.
O-O Ne7 8. a4 a6 9. a5 b5 10.
Qe2 O-O 11. Nd1 Nbc6 12. c4 Nb4 13. cxb5 Nxd3 14. Qxd3 axb5 15. Qxb5 Ba6 16. Qa4 Bxf1 17. Kxf1 c5 18. dxc5 dxc5 19. Bxc5 Qd3+ 20. Kg1 Rfe8 21. b4 Bxa1 22. Qxa1 Qxe4 23. b5 Nf5 24. a6 Nh4 25. Ne3 Nxf3+ 26. gxf3 Rec8 27. Bd6 Qxf3 28. b6 Rd8 29. Bc7 Rd7 30. b7 Qxb7 31. axb7 Rxa1+ 32. Kg2 Rb1 33. b8=Q+ Rxb8 34. Bxb8 Rb7 35. Bg3 Kf8 36.
Bd6+ Ke8 37. Ng4 f5 38. Nf6+ Kf7 39. Nxh7 Rd7 40. Bf4 Rd4 41. Bh6 e5 42. Ng5+ Kf6 43. Nf3 Ra4 44. Bf8 Ra2 45. Bd6 e4 46. Nd4 g5 47.
Bc7 e3 48. Bd8+ 1

[Event "Torneo Nuevo Centro. Jornada 11"]
[Site "Chess.com"]
[Date "2020.08.28"]
[Round "4"]
[White "Hernández Tomás, Efrén"]
[Black "Yatseta Fernandez, Marc Kazymyr"]
[Result "1/2-1/2"]
[WhiteElo "1119"]
[BlackElo "1506"]
[TimeControl "180+2"]
[EndTime "11:11:06 PDT"]
[Termination "Tablas por repeticiÃ³n"]

1. e4 e5 2. Nf3 Nc6 3. Bc4 d6 4. d4 Be7 5. dxe5 Nxe5 6. Nxe5 dxe5 7. Qxd8+ Bxd8 8. Nc3 Nf6 9. Bg5 h6 10. Bxf6 Bxf6 11.
Nd5 Bd8 12. O-O c6 13. Nc3 O-O 14. Rad1 Bf6 15. f3 Rd8 16. Rxd8+ Bxd8 17. Rd1 Be7 18. Be2 Be6 19. b3 Kf8 20. Na4 Ke8 21. c4 Rd8 22. Rxd8+ Bxd8 23. Nc5 Bc8 24. a4 b6 25. Nd3 f6 26. b4 a6 27. c5 Ke7 28. Kf2 a5 29.
bxa5 bxa5 30. Bd1 Ba6 31. Ke3 Ke6 32. g4 Bxd3 33. Kxd3 Be7 34. h4 Bxc5 35. Kc4 Bd4 36. h5 Kd6 37. Bb3 Be3 38. Bd1 Bd2 39. Bb3 Kc7 40.
Kc5 Bb4+ 41. Kc4 Kb6 42. Bd1 Kc7 43. Bb3 Kd6 44. Bc2 Ke7 45. Bd3 Kf7 46. Bc2 g6 47. hxg6+ Kxg6 48. Kd3 Kg5 49. Ke3 Bc5+ 50. Ke2 Kf4 51.
Bd3 Bd4 52. Ba6 c5 53. Bc8 Kg5 54. Ba6 h5 55. gxh5 Kxh5 56. Bc4 Kg5 57. Bd5 f5 58. exf5 Kxf5 59. Be4+ Kf4 60. Bd5 Kg5 61. Be6 Kf4 62. Bd5 Kg3 63. Bc4 Kf4 64. Bd5 1/2-1

[Event "Torneo Nuevo Centro. Jornada 11"]
[Site "Chess.com"]
[Date "2020.08.28"]
[Round "4"]
[White "Sampedro Roig, Josep Francesc"]
[Black "Castellano López, Javier"]
[Result "1-0"]
[WhiteElo "1849"]
[BlackElo "1941"]
[TimeControl "180+2"]
[EndTime "11:11:37 PDT"]
[Termination "Victoria de Abrekurios por abandono"]

1. e4 c6 2. d4 d5 3. Nc3 dxe4 4. Nxe4 Bf5 5. Ng3 Bg6 6. h4 h6 7. Nh3 e6 8. Nf4 Bh7 9. Be3 Nd7 10. Bd3 Bxd3 11.
Qxd3 Ngf6 12. O-O-O Bd6 13. Ngh5 Nxh5 14. Nxh5 g6 15.
Nf4 Qf6 16. g3 O-O-O 17. Rhe1 g5 18. hxg5 hxg5 19. Ne2 Nb6 20. Nc3 Nd5 21. Ne4 Qg6 22. Nxg5 Nxe3 23. Qxe3 Be7 24. Nf3 Bf8 25. Ne5 Qh5 26. Qe4 Qg5+ 27. Kb1 Kb8 28. Nxf7 Qe7 29. Nxh8 Bg7 30. Ng6 Qb4 31. Ne5 a5 32. c3 Qb6 33.
Qg6 Bf8 34. Qxe6 Ba3 35. Qb3 Bb4 36. cxb4 axb4 37. Nc4 Qb5 38. a3 Qf5+ 39. Qc2 Qf6 40. axb4 Rxd4 41. Rxd4 Qxd4 42. Rd1 Qg4 43. Ne3 Qf3 44.
Rd8+ Kc7 45. Qd2 Qh1+ 46. Kc2 Qh7+ 47. Qd3 Qh2 48. Qd6+ Kb6 49. Qc5+ Kc7 50. Rf8 Qh7+ 51. Kd2 Qg7 52. Kc2 Qg6+ 53. Kb3 Qd3+ 54. Qc3 Qd6 55. Rf7+ Kb8 56. Qc5 Qe6+ 57. Qc4 Qd6 58. b5 cxb5 59. Qf4 Ka7 60. Qxd6 b4 61. Qxb4 1

[Event "Torneo Nuevo Centro. Jornada 11"]
[Site "Chess.com"]
[Date "2020.08.28"]
[Round "4"]
[White "Luque Saiz, Andrés"]
[Black "Macias Pino, Diego"]
[Result "0-1"]
[WhiteElo "2036"]
[BlackElo "2255"]
[TimeControl "180+2"]
[EndTime "11:11:48 PDT"]
[Termination "Victoria de adivinaquiensoy por abandono"]

1. e4 c6 2. d4 d5 3. Nd2 dxe4 4.
Nxe4 Bf5 5. Ng3 Bg6 6. Nh3 Nf6 7. c3 Nbd7 8. Bc4 e6 9. O-O Bd6 10.
Qe2 Qc7 11. f4 O-O-O 12. a4 Nd5 13. a5 h5 14. Ne4 N7f6 15. Bxd5 Nxd5 16. Nxd6+ Qxd6 17. Ng5 Rd7 18. Ne4 Bxe4 19. Qxe4 g6 20. Bd2 h4 21. b4 Nf6 22. Qe2 Rh5 23. Rab1 a6 24. Qd3 h3 25. g3 Qd5 26. Qf3 Qxf3 27. Rxf3 Ne4 28. Be1 Nd6 29. Kf2 Nc4 30. Ke2 b5 31.
g4 Rh8 32. Rd1 f5 33. g5 Kc7 34. Rdd3 Rdh7 35. Bg3 Kd6 36. Rd1 Kd5 37. Rdf1 Ke4 38. Rd1 Rd7 39. Rdd3 Rdh7 40. Rde3+ Nxe3 41. Rxe3+ Kd5 42.
Kd3 Rb7 43. Re5+ Kd6 44. Rc5 Rc8 45. Re5 Rh7 46. Rc5 Rch8 47. Re5 Kd7 48. Rc5 Rh4 49. Re5 Rg4 50. Re3 Kd6 51. Rf3 Rh5 52. Ke3 Kd5 53. Kd3 Rh7 54. Re3 Rhh4 55. Rf3 Rh5 56. Re3 Kd6 57. Rf3 Kd7 58. Ke3 Rh8 59. Kd3 Rd8 60.
Re3 Ke7 61. Rf3 Rd5 62. Re3 Kd7 63. Ke2 Kc7 64. Rxe6 Rxg3 65. hxg3 h2 66. Re7+ Rd7 0

[Event "Torneo Nuevo Centro. Jornada 11"]
[Site "Chess.com"]
[Date "2020.08.28"]
[Round "4"]
[White "Birnoveanu, Petru"]
[Black "Miranda Calvo, Max Rodrigo"]
[Result "1-0"]
[WhiteElo "1705"]
[BlackElo "1303"]
[TimeControl "180+2"]
[EndTime "11:13:15 PDT"]
[Termination "Victoria de piculet por abandono"]

1. e4 e5 2. Nf3 Nc6 3. Bc4 Bc5 4. O-O d6 5. Nc3 Bg4 6. Na4 Nd4 7. Be2 Nxe2+ 8. Qxe2 Ne7 9. Nxc5 dxc5 10. h3 Bh5 11. g4 Bg6 12. Nxe5 O-O 13. f4 h6 14. f5 Bh7 15. d3 Qd6 16. Nc4 Qg3+ 17. Qg2 Qxg2+ 18.
Kxg2 Nc6 19. Bf4 Rac8 20. c3 b5 21. Ne3 f6 22. Rad1 Ne5 23. Bxe5 fxe5 24. Nd5 c6 25. Ne7+ Kf7 26. Nxc8 Rxc8 27. Kf3 Kf6 28. h4 Bg8 29. a3 Rd8 30. Ke3 Bf7 31. Rd2 a5 32.
Rg1 b4 33. axb4 cxb4 34. g5+ hxg5 35. hxg5+ Ke7 36. d4 exd4+ 37. Rxd4 Rc8 38. cxb4 axb4 39. Rc1 c5 40. Rd2 c4 41. e5 c3 42.
bxc3 bxc3 43. Rd3 c2 44. e6 Be8 45. Rd2 Ba4 46. Rd4 Rc3+ 47. Kd2 Rc5 48. Rxa4 Rxf5 49. Re4 Rxg5 50. Rxc2 Rg2+ 51. Kd3 Rg3+ 52. Kd4 Rg1 53. Rc7+ Ke8 54. e7 Rd1+ 55. Ke5 Ra1 56. Kf5 Ra5+ 57. Kg6 Ra6+ 58. Kg5 Ra5+ 59. Kf4 g5+ 60. Kg3 Ra3+ 61. Kg4 Ra8 62. Re5 Rb8 63. Rf5 Rb4+ 64. Kxg5 Rg4+ 65.
Kh6 Rg6+ 66. Kh5 Rh6+ 67. Kg4 Rh4+ 68. Kf3 Rh3+ 69. Ke4 Re3+ 70. Kd4 Re4+ 71. Kd5 Re5+ 72. Kd6 Re6+ 73. Kc5 Rxe7 74. Rxe7+ Kxe7 75. Kd5 Kd7 76. Rf7+ Ke8 77. Ra7 Kd8 78. Kd6 Ke8 79. Ke6 Kd8 80. Rh7 Kc8 81. Kd6 Kb8 82. Kc6 Ka8 83. Kb6 Kb8 1

[Event "Torneo Nuevo Centro. Jornada 11"]
[Site "Chess.com"]
[Date "2020.08.28"]
[Round "5"]
[White "Vicent Lázaro, Elena"]
[Black "Fernández Martin, Carlos"]
[Result "0-1"]
[WhiteElo "726"]
[BlackElo "1770"]
[TimeControl "180+2"]
[EndTime "11:15:30 PDT"]
[Termination "Victoria de Pistachomortal por abandono"]

1. e3 c5 2. c4 Nc6 3. Nc3 Nf6 4.
Bd3 g6 5. Nh3 Ne5 6. Ng5 Nxd3+ 7.
Kf1 Bh6 8. Nh3 d6 9. Qc2 Bxh3 10.
gxh3 Ne5 11. Qf5 gxf5 0